 Dungeon Crawl Stone Soup version 0.28.0 (webtiles) character file.

Game seed: 14597886377903247295

5 psuckher the Sneak (level 1, -21/22 HPs)
             Began as a Troll Delver on Feb 16, 2022.
             Was an Initiate of Ru.
             Demolished by an ogre (30 damage)
             ... on level 5 of the Dungeon.
             The game lasted 00:02:38 (470 turns).

psuckher the Sneak (Troll Delver)                    Turns: 470, Time: 00:02:38

Health: -21/22     AC:  4    Str: 19    XL:     1   Next: 66%
Magic:  0/0        EV:  9    Int:  6    God:    Ru [......]
Gold:   49         SH:  0    Dex: 11    Spells: 0/0 levels left

rFire   . . .      SeeInvis .     - Unarmed
rCold   . . .      Faith    .   (no shield)
rNeg    . . .      Spirit   .   a - +0 robe
rPois   .          Reflect  .   (helmet restricted)
rElec   .          Harm     .   (no cloak)
rCorr   .          Rampage  .   (gloves unavailable)
Will    .....                   (boots unavailable)
Stlth   ++........              (no amulet)
HPRegen 0.87/turn               (no ring)
MPRegen 0.07/turn               (no ring)

@: no status effects
A: large, unfitting armour, claws 3, regeneration 1, shaggy fur 1, tough skin 1
a: Renounce Religion


You were on level 5 of the Dungeon.
You worshipped Ru.
Ru was noncommittal.
You visited 2 branches of the dungeon, and saw 2 of its levels.

You collected 49 gold pieces.

Inventory:

Armour
 a - a +0 robe (worn)
Wands
 f - a wand of digging (5)
Scrolls
 b - a scroll of fog
 c - a scroll of magic mapping
 d - a scroll of fear
Potions
 e - a potion of haste
 g - a potion of invisibility {unknown}


   Skills:
 + Level 2.4 Fighting
 + Level 1.5 Dodging
 + Level 2.9 Stealth
 + Level 2.0 Unarmed Combat


You couldn't memorise any spells.
You didn't know any spells.
Your spell library was empty.

Dungeon Overview and Level Annotations

Branches:
Dungeon (5/15)             Temple (1/1) D:5

Altars:
Cheibriados
Dithmenos
Elyvilon
Fedhas
Gozag
Hepliaklqana
Nemelex Xobeh
Okawaru
Qazlal
Ru
Uskayaw
Vehumet
Xom
Yredelemnul
Zin
The Shining One

Annotations:
D:5 3 runed translucent doors, Bricks's ghost, amateur TrGl; porpoise's ghost, novice DjCj; psuckher's ghost, weakling TrDe


Innate Abilities, Weirdness & Mutations

You are too large for most types of armour.
You have claws for hands.
Your natural rate of healing is unusually fast.
You are covered in fur. (AC +1)
You have tough skin. (AC +1)


Message History

Done exploring.
Done exploring.
There is a staircase back to the Dungeon here.
You climb upwards.
There is a staircase to the Ecumenical Temple here.
You now have 13 gold pieces.
You now have 27 gold pieces (gained 14).
Psuckher's ghost turns its malevolent gaze towards you.
Porpoise's ghost turns its malevolent gaze towards you.
Porpoise's ghost screams, "I'll kill anyone who wants the ORB!"
g - a coppery potion
Found a robe, a short sword and 4 gold pieces.
You now have 41 gold pieces (gained 14).
f - a wand of digging (5) (gained 2 charges)
There is a fountain of clear blue water here.
Found a dire flail.
Porpoise's ghost hits something.
Porpoise's ghost hits something!
You now have 49 gold pieces (gained 8).
An ogre comes into view. It is wielding a +0 giant spiked club.
An ufetubus comes into view.
The ufetubus shouts!
The ogre shouts!
The ufetubus hits you but does no damage.
The ufetubus closely misses you. The ufetubus hits you. x2
You claw the ufetubus!
You kill the ufetubus!
You scratch the ogre.
The ogre is lightly wounded.
The ogre barely misses you.
You barely miss the ogre.
The ogre is lightly wounded.
You scratch the ogre.
The ogre is lightly wounded.
The ogre hits you with a +0 giant spiked club!
Ouch! That really hurt!
You claw the ogre!
The ogre is moderately wounded.
The ogre hits you with a +0 giant spiked club!!
Ouch! That really hurt!
You die...

############
.##..........###
...............
#.............
#.......O..# #........5.#
#.....########
###..O.......#
########..@.......#
..................#
.........##########
.........# ......)..#
.........### ...........#
...........######
................#########


You could see an ogre.

Vanquished Creatures
  An ufetubus (D:5)
1 creature vanquished.

Vanquished Creatures (others)
  3 withered plants (D:5)
3 creatures vanquished.

Grand Total: 4 creatures vanquished

Notes
Turn   | Place    | Note
-------+----------+-------------------------------------------
     0 | D:5      | psuckher the Troll Delver began the quest for the Orb.
     0 | D:5      | Reached XP level 1. HP: 22/22 MP: 0/0
     5 | Temple   | Entered the Ecumenical Temple
   307 | Temple   | Became a worshipper of Ru the Awakened
   385 | D:5      | Found a runed translucent gate.
   385 | D:5      | Found a runed translucent gate.
   385 | D:5      | Found a runed translucent gate.
   389 | D:5      | Noticed porpoise's ghost (novice DjCj)
   389 | D:5      | Noticed psuckher's ghost (weakling TrDe)
   389 | D:5      | Noticed Bricks's ghost (amateur TrGl)
   450 | D:5      | Noticed an ogre
   470 | D:5      | Demolished by an ogre

Illustrated notes

Levels and vault maps discovered:
D:5:      layout_basic, temple_fountains, gammafunk_ghost_cemetery,
          serial_shops, nicolae_square_shop, nicolae_underground_beach,
          uniq_grinder, uniq_blork_the_orc
Temple:   nicolae_temple_elliptical

Action                   || total
-------------------------++-------
Melee: Unarmed           ||     5
Armor: Robe              ||     1
Dodge: Dodged            ||     2
